 Dungeon Crawl Stone Soup version 0.27-a0-1332-g84bddb5ca7 (webtiles) character file.

Game seed: 18248393437854007345

504 benadryl the Sneak (level 7, -12/53 HPs)
             Began as a Formicid Enchanter on June 25, 2021.
             Was a Follower of Uskayaw.
             Mangled by Maggie (14 damage)
             ... on level 6 of the Dungeon.
             The game lasted 00:11:38 (6774 turns).

benadryl the Sneak (Formicid Enchanter)             Turns: 6774, Time: 00:11:38

Health: -12/53     AC:  3    Str: 12    XL:     7   Next: 41%
Magic:  23/28      EV: 12    Int: 17    God:    Uskayaw [*.....]
Gold:   146        SH:  0    Dex: 11    Spells: 7/10 levels left

rFire    . . .     SeeInvis +   a - +0 dagger (vamp)
rCold    . . .     Faith    .   (no shield)
rNeg     . . .     Spirit   .   f - +0 robe
rPois    .         Reflect  .   (helmet unavailable)
rElec    .         Harm     .   (no cloak)
rCorr    .         Rampage  .   (no gloves)
Will     .....                  q - +0 pair of boots
Stlth    ++++......             (no amulet)
HPRegen  0.17/turn              i - ring of magical power
MPRegen  0.21/turn              m - ring of magical power

@: no status effects
A: permanent stasis, dig shafts and tunnels, antennae 3, four strong arms
a: Dig, Shaft Self, Renounce Religion, Stomp


You were on level 6 of the Dungeon.
You worshipped Uskayaw.
Uskayaw was noncommittal.
You visited 2 branches of the dungeon, and saw 8 of its levels.

You collected 146 gold pieces.

Inventory:

Hand Weapons
 a - a +0 vampiric dagger (weapon)
 b - a +2 trident of protection
Missiles
 k - 11 poisoned darts
Armour
 f - a +0 robe (worn)
 q - a +0 pair of boots (worn)
Magical Staves
 c - a staff of fire
Jewellery
 i - a ring of magical power (left hand)
 m - a ring of magical power (right hand)
Scrolls
 g - a scroll of vulnerability
 l - 2 scrolls of holy word
 r - a scroll of amnesia
 u - a scroll of magic mapping
 v - a scroll of brand weapon {unknown}
Potions
 d - a potion of mutation
 e - 2 potions of degeneration
 h - 2 potions of attraction
 j - a potion of ambrosia {unknown}
 n - a potion of brilliance {unknown}
 o - 3 potions of cancellation
 p - 2 potions of curing {@q1}
 s - a potion of resistance {unknown}
 t - a potion of invisibility {unknown}


   Skills:
 + Level 3.9 Fighting
 - Level 1.0 Short Blades
 - Level 1.7 Dodging
 * Level 7.9 Stealth
 - Level 2.1 Spellcasting
 - Level 5.0 Hexes
 + Level 1.5 Invocations


You had 7 spell levels left.
You knew the following spells:

 Your Spells              Type           Power      Damage    Failure   Level
a - Corona                Hex            20%        N/A       2%          1
b - Ensorcelled Hibernat  Hex/Ice        20%        N/A       11%         2

Your spell library contained the following spells:

 Spells                   Type           Power      Damage    Failure   Level
 Confusing Touch          Hex            18%        N/A       8%          3
 Tukima's Dance           Hex            18%        N/A       8%          3
 Foxfire                  Conj/Fire      4%         2x1d4     19%         1
 Freeze                   Ice            4%         1d3       19%         1
 Magic Dart               Conj           4%         1d3       19%         1
 Dazzling Flash           Conj/Hex       20%        N/A       21%         3
 Inner Flame              Hex/Fire       10%        N/A       21%         3
 Searing Ray              Conj           2%         3d3       28%         2
 Conjure Flame            Conj/Fire      1%         6-21      50%         3
 Frozen Ramparts          Ice            2%         1d2       50%         3
 Ozocubu's Armour         Ice            1%         N/A       50%         3
 Fulminant Prism          Conj/Hex       5%         3d7       56%         4
 Hailstorm                Conj/Ice       1%         3d3       88%         4
 Iskenderun's Mystic Bla  Conj/Tloc      1%         2d3       88%         4
 Sticky Flame             Conj/Fire      1%         2d3       88%         4
 Metabolic Englaciation   Hex/Ice        5%         N/A       88%         5
 Fireball                 Conj/Fire      0%         3d3       99%         5


Dungeon Overview and Level Annotations

Branches:
Dungeon (7/15)             Temple (1/1) D:4

Altars:
Ashenzari
Dithmenos
Elyvilon
Fedhas
Gozag
Hepliaklqana
Kikubaaqudgha
Okawaru
Qazlal
Sif Muna
Uskayaw
Vehumet
Xom
Yredelemnul
Zin

Shops:
D:6 !

Annotations:
D:6 Maggie


Innate Abilities, Weirdness & Mutations

You cannot be hasted, slowed, berserked, paralysed or teleported.
You can dig through walls and to a lower floor.
You have a pair of large antennae on your head. (SInv)
Your four strong arms can wield two-handed weapons with a shield.


Message History

Unknown command.
Your +2 trident of protection goes still.
You feel a sense of dread.
a - a +0 vampiric dagger (weapon)
Maggie shouts!
Maggie hits you with a +0 broad axe!
Casting: Corona (safe; 2% risk of failure)
Confirm with . or Enter, or press ? or * to list all spells.
Aiming: Ensorcelled Hibernation (safe; 11% risk of failure)
Press: ? - help, Shift-Dir - straight line, f - Maggie
Aim: Maggie, wielding a +0 broad axe and wearing +0 acid dragon scales (chance to affect: 41%) Maggie resists with some effort.
Maggie mutters to herself, "Master Lance won't take me back.
This is the way forward."
Maggie casts a spell at you. The bolt of fire hits you!!
Ouch! That really hurt!
* * * LOW HITPOINT WARNING * * *
Casting: Ensorcelled Hibernation (safe; 11% risk of failure)
Confirm with . or Enter, or press ? or * to list all spells.
Aiming: Ensorcelled Hibernation (safe; 11% risk of failure)
Press: ? - help, Shift-Dir - straight line, f/p - Maggie
Aim: Maggie, wielding a +0 broad axe and wearing +0 acid dragon scales (chance to affect: 41%) Maggie resists with some effort.
Maggie closely misses you.
Casting: Ensorcelled Hibernation (safe; 11% risk of failure)
Confirm with . or Enter, or press ? or * to list all spells.
Aiming: Ensorcelled Hibernation (safe; 11% risk of failure)
Press: ? - help, Shift-Dir - straight line, f/p - Maggie
Aim: Maggie, wielding a +0 broad axe and wearing +0 acid dragon scales (chance to affect: 41%) Maggie looks drowsy...
The helpless Maggie fails to defend herself.
You puncture Maggie!
You feel better.
Maggie is moderately wounded.
Maggie says, "If you die in the Dungeon, but nobody's around to see it, does it really matter?"
Maggie hits you with a +0 broad axe!
* * * LOW HITPOINT WARNING * * *
Okay, then.
You extend your mandibles.
Are you sure you want to shaft yourself?
Maggie hits you with a +0 broad axe!
You die...

....... .......
.......# .######
#......# .# #......+
.# #.(....#
.############......#
...................#
......)............#
................@..+
.................@.#
############....)..#
#.......# +.......#
#.......+ #.......#
#.......#


You could see Maggie.

Vanquished Creatures
  A sky beast (D:6)
  A phantom (D:6)
  A bullfrog skeleton (D:3)
  A hound (D:4)
  An orc priest (D:5)
  3 orc wizards
  A killer bee zombie (D:4)
  4 adders
  A shadow imp (D:6)
  An adder skeleton (D:4)
  2 worms
  3 dart slugs
  6 orcs
  4 bats
  6 endoplasms
  A giant cockroach (D:3)
  8 goblins
  7 hobgoblins
  15 jackals
  2 quokkas
  8 ball pythons
  A frilled lizard (D:3)
  7 kobolds
  7 rats
92 creatures vanquished.

Vanquished Creatures (others)
  5 withered plants (D:1)
5 creatures vanquished.

Grand Total: 97 creatures vanquished

Notes
Turn   | Place    | Note
-------+----------+-------------------------------------------
     0 | D:1      | benadryl the Formicid Enchanter began the quest for the
                  | Orb.
     0 | D:1      | Reached XP level 1. HP: 13/13 MP: 3/3
   257 | D:1      | Reached skill level 4 in Stealth
   263 | D:1      | Reached XP level 2. HP: 20/20 MP: 5/5
   418 | D:1      | Reached skill level 1 in Fighting
   620 | D:1      | Reached XP level 3. HP: 26/26 MP: 6/6
  1483 | D:1      | Reached skill level 5 in Stealth
  2025 | D:1      | Found a faded altar of an unknown god.
  2281 | D:1      | Learned a level 2 spell: Ensorcelled Hibernation
  2399 | D:2      | Reached XP level 4. HP: 33/33 MP: 7/7
  3236 | D:3      | Reached XP level 5. HP: 21/39 MP: 8/8
  3503 | D:3      | Found a blossoming altar of Fedhas.
  3705 | D:3      | Reached skill level 6 in Stealth
  3916 | D:4      | Found a staircase to the Ecumenical Temple.
  3941 | Temple   | Entered the Ecumenical Temple
  4242 | D:4      | Reached XP level 6. HP: 42/46 MP: 9/9
  5090 | D:5      | Entered Level 5 of the Dungeon
  5121 | D:5      | Noticed a +0 dagger
  5121 | D:5      | Noticed a +0 dagger
  5131 | D:5      | Found a hide-covered altar of Uskayaw.
  5156 | D:5      | Reached skill level 7 in Stealth
  5175 | D:5      | Became a worshipper of Uskayaw the Reveller
  5455 | D:5      | Noticed an ogre
  5464 | D:5      | Reached * piety under Uskayaw
  5469 | D:5      | Found an iron altar of Okawaru.
  5472 | D:5      | Reached ** piety under Uskayaw
  5490 | D:5      | You fall into a shaft and drop 1 floor!
  5883 | D:6      | Found Wioko's Distillery.
  6061 | D:6      | Noticed a sky beast
  6071 | D:6      | Killed a sky beast
  6072 | D:6      | Reached skill level 5 in Hexes
  6072 | D:6      | Reached skill level 1 in Invocations
  6072 | D:6      | Reached XP level 7. HP: 37/53 MP: 10/10
  6762 | D:6      | Noticed Maggie
  6773 | D:6      | HP: 2/53 [Maggie (14)]
  6774 | D:6      | Mangled by Maggie

Illustrated notes

Levels and vault maps discovered:
D:1:      dpeg_arrival_concentric_ovals, layout_loops_corners,
          ebering_ecumenical_altar_petrified, amcnicky_mini_rare_corridor_liquid
D:2:      layout_rooms, minmay_misc_feat_pillars
D:3:      layout_rooms, fedhas_altar_4
D:4:      layout_cave_pools, minmay_temple_entry_mist, serial_bayou_pond_d
D:5:      layout_layer_cave, dancing_weapons_uskayaw, overflow_temple_1_default,
          tso_metal_star, cheibrodos_sewer_entry_bend, uniq_sigmund
D:6:      layout_gridville, kennysheep_little_box, serial_shops, shop,
          uniq_maggie
D:7:      layout_basic, serial_shops, nicolae_square_shop,
          chequers_serial_rivers_small_b, uniq_harold
Temple:   minmay_temple_bridge_abc

Skill      XL: |  1  2  3  4  5  6 |
---------------+-------------------+-----
Stealth        | 4 5 6 7 |  7.9
Fighting       | 1 2 3 |  3.9
Hexes          | 4 5 |  5.0
Invocations    | 1 |  1.5
Short Blades   | |  1.0
Dodging        | |  1.7
Spellcasting   | |  2.1

Action                   |  1- 3 |  4- 6 |  7- 9 || total
-------------------------+-------+-------+-------++-------
Melee: Dagger            |    19 |     5 |     1 ||    25
       Trident           |   105 |   199 |    20 ||   324
 Cast: Ensorcelled Hiber |     1 |     6 |     3 ||    10
       Corona            |       |       |     2 ||     2
 Abil: Shaft Self        |       |     1 |     1 ||     2
       Dig               |       |       |     1 ||     1
  Use: Potion            |     1 |       |       ||     1
       Scroll            |       |    12 |       ||    12
 Stab: Sleeping          |    10 |    12 |     1 ||    23
       Distracted        |     1 |       |       ||     1
Armor: Robe              |    50 |   112 |     3 ||   165
       Skin              |    29 |       |       ||    29
Dodge: Dodged            |   103 |   163 |    13 ||   279

Table legend: (Time is in decaauts)
 A = Elapsed time spent in this place.
 B = Non-inter-level travel time spent in this place.
 C = Inter-level travel time spent in this place.
 D = Time resting spent in this place.
 E = Time spent auto-exploring this place.
 F = Levels seen in this place.
 G = Mean time per level.
                   A        B        C        D        E       F      G
               +--------+--------+--------+--------+--------+-----+--------+
         Total |   6868 |   6685 |    183 |   2856 |   2815 |   8 |  858.5 |
       Dungeon |   6647 |   6487 |    160 |   2835 |   2645 |   7 |  949.6 |
        Temple |    220 |    197 |     23 |     21 |    170 |   1 |  220.0 |
               +--------+--------+--------+--------+--------+-----+--------+

Top non-repeatable levels by time:
     D:1: 2211 daAuts
     D:6: 1285 daAuts
     D:3: 1176 daAuts
     D:2: 801 daAuts
     D:4: 764 daAuts
     D:5: 407 daAuts
  Temple: 220 daAuts
     D:7: 1 daAuts
